[Event "Titled Tuesday Blitz August 1 Late 2023"]
[White "Wieczorek, Oskar"]
[Black "Pesotskiy, Mikhail"]
[WhiteFideId "1133950"]
[BlackFideId "34164453"]
[WhiteElo "2655"]
[BlackElo "2377"]
[Result "1/2-1/2"]
[Round "1"]
[TimeControl "180+1"]
[Date "2023.08.01"]
[WhiteClock "0:00:05"]
[BlackClock "0:00:09"]
[Board "92"]

1. e4 e6 2. d4 d5 3. Nd2 Be7 4. c3 c5 5. Ngf3 Nf6 6. Bb5+ Nc6 7. exd5 Qxd5 8. O-O O-O 9. c4 Qh5 10. Bxc6 bxc6 11. Ne5 Qxd1 12. Rxd1 Bb7 13. dxc5 Rfd8 14. Re1 Bxc5 15. Nb3 Bb4 16. Rf1 Bd6 17. Nd3 Ba6 18. Na5 Bxh2+ 19. Kxh2 Rxd3 20. Nxc6 Bxc4 21. Ne5 Rd4 22. Re1 Bd5 23. f3 Rb8 24. b3 a5 25. Be3 Rdb4 26. Rec1 a4 27. Bc5 R4b5 28. b4 a3 29. Rc3 Ra8 30. Kg1 Rb7 31. Kf2 Nd7 32. Nxd7 Rxd7 33. b5 Rc7 34. b6 Rcc8 35. Rac1 f6 36. Rd3 Rab8 37. Rdc3 Bxa2 38. Rxa3 Bd5 39. Rcc3 Kf7 40. Ke3 Kg6 41. Kd2 Rd8 42. Kc1 Rdc8 43. Kb2 Rc6 44. Ra7 h5 45. Kc2 Rbxb6 46. Bxb6 Rxb6 47. Rcc7 Kf5 48. Rxg7 Rc6+ 49. Kd2 Rb6 50. Raf7 Rb2+ 51. Ke3 e5 52. Rf8 Rb3+ 53. Kf2 Rb2+ 54. Kg3 e4 55. fxe4+ Bxe4 56. Kh3 Rb3+ 57. Kh2 h4 58. Rgf7 Rb6 59. Rh8 Rb2 60. Rg7 h3 61. Rxh3 Rf2 62. Rh5+ Ke6 63. Rh4 f5 64. Ra7 Kf6 65. Ra6+ Kg5 66. Rh8 Rxg2+ 67. Kh3 Rb2 68. Rg8+ Kf4 69. Ra1 Rf2 70. Rg7 Bg2+ 71. Kh4 Be4 72. Kh5 Rh2+ 73. Kg6 Ke3 74. Kf6 Re2 75. Re7 f4 76. Ra4 Kf3 77. Ra3+ Re3 78. Ra1 Bd3 79. Rf7 Be2 80. Kg5 Re4 81. Rh1 Ke3 82. Rh4 f3 83. Rxe4+ Kxe4 84. Kg4 Ke3 85. Kg3 Bd1 86. Re7+ Kd2 87. Kf2 Be2 88. Rd7+ Kc3 89. Ke3 Kc4 90. Rf7 Kc5 91. Ke4 Kd6 92. Kd4 Ke6 93. Rf4 Ke7 94. Ke5 Kd7 95. Kd5 Ke7 96. Rf5 Bd1 97. Ke5 Be2 98. Rf4 Bd1 99. Rd4 Be2 100. Rf4 1/2-1/2


[Site "https://www.chess.com"]

[Event "Titled Tuesday Blitz August 1 Late 2023"]
[White "Balla, Tamas-Kristof"]
[Black "Haydon, David L"]
[WhiteFideId "1208497"]
[BlackFideId "415405"]
[WhiteElo "2374"]
[BlackElo "2653"]
[Result "0-1"]
[Round "1"]
[TimeControl "180+1"]
[Date "2023.08.01"]
[WhiteClock "0:00:01"]
[BlackClock "0:00:16"]
[Board "93"]

1. e4 c6 2. d4 d5 3. exd5 cxd5 4. c4 Nf6 5. Nc3 e6 6. Nf3 dxc4 7. Bxc4 Be7 8. O-O O-O 9. Qe2 Nc6 10. Rd1 Nb4 11. Bg5 Bd7 12. Ne5 Be8 13. Qf3 Rb8 14. a3 Nc6 15. Rac1 Rc8 16. Ba2 Qb6 17. Nc4 Qd8 18. Qf4 Nd5 19. Bxe7 Nxf4 20. Bxd8 Rxd8 21. h3 Ng6 22. d5 exd5 23. Nxd5 Bd7 24. Nd6 Rb8 25. Ne3 Nce5 26. Rc7 Bc6 27. Ng4 Rbd8 28. Nxe5 Nxe5 29. Re1 Rxd6 30. Rxe5 g6 31. Ree7 Rf6 32. b4 a6 33. Bc4 Kg7 34. Bb3 h5 35. h4 Rf4 36. g3 Rf3 37. Kf1 Rxb3 0-1


[Site "https://www.chess.com"]

[Event "Titled Tuesday Blitz August 1 Late 2023"]
[White "Przybylski, Wojciech"]
[Black "Kanyamarala, Trisha"]
[WhiteFideId "1117599"]
[BlackFideId "45004722"]
[WhiteElo "2646"]
[BlackElo "2374"]
[Result "1-0"]
[Round "1"]
[TimeControl "180+1"]
[Date "2023.08.01"]
[WhiteClock "0:00:51"]
[BlackClock "0:01:08"]
[Board "94"]

1. d4 Nf6 2. c4 e6 3. Nf3 d5 4. g3 c6 5. Nc3 dxc4 6. Bg2 Nbd7 7. a4 Rb8 8. e4 b5 9. e5 Nd5 10. O-O Be7 11. Ne4 a6 12. h4 O-O 13. h5 c5 14. h6 g6 15. axb5 axb5 16. Re1 cxd4 17. Nxd4 Nxe5 18. Qe2 Nd3 19. Rd1 Bd7 20. Bd2 f5 21. Ba5 Qc8 22. Nc3 Nxc3 23. bxc3 e5 24. Rxd3 cxd3 25. Qxe5 Bf6 26. Qd5+ Kh8 27. Bb4 Re8 28. Ra7 d2 29. Bf3 Re1+ 30. Kh2 Qf8 31. Bxf8 1-0


[Site "https://www.chess.com"]

[Event "Titled Tuesday Blitz August 1 Late 2023"]
[White "Rodriguez Santiago, Jaime"]
[Black "Jakubowski, Krzysztof"]
[WhiteFideId "3100898"]
[BlackFideId "1112848"]
[WhiteElo "2369"]
[BlackElo "2641"]
[Result "0-1"]
[Round "1"]
[TimeControl "180+1"]
[Date "2023.08.01"]
[WhiteClock "0:00:54"]
[BlackClock "0:01:57"]
[Board "95"]

1. d4 Nf6 2. c4 e6 3. Nc3 Bb4 4. e3 b6 5. Ne2 Bb7 6. a3 Be7 7. Ng3 O-O 8. f3 d5 9. cxd5 exd5 10. Bd3 Re8 11. O-O c5 12. Nf5 Bf8 13. Kh1 g6 14. Ng3 Nc6 15. dxc5 bxc5 16. b3 Ne5 17. Bc2 d4 18. exd4 cxd4 19. Nce4 d3 20. Bxd3 Nxd3 21. Bg5 Nxe4 22. Bxd8 Nef2+ 23. Rxf2 Nxf2+ 24. Kg1 Nxd1 25. Rxd1 Raxd8 0-1


[Site "https://www.chess.com"]

[Event "Titled Tuesday Blitz August 1 Late 2023"]
[White "Timerkhanov, Alexander"]
[Black "Shapiro, Daniel"]
[WhiteFideId "24177938"]
[BlackFideId "2001780"]
[WhiteElo "2641"]
[BlackElo "2369"]
[Result "0-1"]
[Round "1"]
[TimeControl "180+1"]
[Date "2023.08.01"]
[WhiteClock "0:01:18"]
[BlackClock "0:00:14"]
[Board "96"]

1. d4 Nf6 2. Bg5 d5 3. Nd2 Nbd7 4. Ngf3 g6 5. e3 Bg7 6. c4 c6 7. Be2 O-O 8. O-O b6 9. Rc1 Bb7 10. cxd5 cxd5 11. h3 a6 12. Qb3 Rc8 13. Bf4 e6 14. a4 Re8 15. Ne5 Nxe5 16. Bxe5 Nd7 17. Bg3 Bf8 18. Nf3 a5 19. Bb5 Bb4 20. Ne5 Nxe5 21. Bxe8 Nc4 22. Bb5 Nd2 23. Qd3 Nxf1 24. Qxf1 Rxc1 25. Qxc1 Qc8 26. Qxc8+ Bxc8 27. Bc7 Kf8 28. Bxb6 Ke7 29. Kf1 f6 30. Ke2 Kd6 31. Kd3 e5 32. f3 Bf5+ 33. e4 Be6 34. dxe5+ fxe5 35. exd5 Bxd5 36. Bc4 Bc6 37. b3 Be1 38. Be3 Bb4 39. Ba7 Be1 40. Bb8+ Kc5 41. Bxe5 Bd7 42. Bd4+ Kb4 43. Bb6 Bf5+ 44. Ke2 Bc3 45. g4 Bc2 46. Bg8 h6 47. Be3 h5 48. gxh5 gxh5 49. Bd2 Bxb3 50. Bxc3+ Kxc3 51. Bxb3 Kxb3 52. Kd3 Kxa4 53. f4 Kb5 54. Kd4 a4 55. f5 Kc6 56. Ke5 a3 57. f6 a2 58. f7 a1=Q+ 59. Ke6 Qe1+ 60. Kf6 Qf2+ 61. Kg7 Qg3+ 62. Kh7 Qf4 63. Kg8 Qg5+ 64. Kh8 Qf6+ 65. Kg8 Qg6+ 66. Kf8 Kd7 67. h4 Ke6 68. Ke8 Qxf7+ 69. Kd8 Qd7# 0-1


[Site "https://www.chess.com"]

[Event "Titled Tuesday Blitz August 1 Late 2023"]
[White "Li, Hui"]
[Black "Sun, Rick"]
[WhiteFideId "15400310"]
[BlackFideId "30909481"]
[WhiteElo "2368"]
[BlackElo "2641"]
[Result "1/2-1/2"]
[Round "1"]
[TimeControl "180+1"]
[Date "2023.08.01"]
[WhiteClock "0:00:04"]
[BlackClock "0:00:07"]
[Board "97"]

1. e4 d6 2. d4 Nf6 3. Nc3 Nbd7 4. Nf3 e5 5. Bc4 Be7 6. O-O O-O 7. Re1 c6 8. a4 Qc7 9. a5 h6 10. h3 Re8 11. Bb3 Nf8 12. Be3 Be6 13. d5 cxd5 14. Nxd5 Nxd5 15. Bxd5 Bxd5 16. Qxd5 Nd7 17. c4 Nf6 18. Qd3 Qc6 19. Nd2 Nh7 20. Nf1 Rec8 21. b3 b6 22. axb6 axb6 23. Ng3 Bf8 24. Nf5 Ng5 25. Bxg5 hxg5 26. Qg3 Rxa1 27. Rxa1 Qxe4 28. Qxg5 g6 29. Ne7+ Bxe7 30. Qxe7 Qd4 31. Ra7 Rf8 32. Rd7 Qc3 33. g3 Qxb3 34. Rxd6 Qxc4 35. Rxb6 Qc1+ 36. Kg2 Qc3 37. Rd6 f6 38. Rd8 Qc6+ 39. Kh2 Rxd8 40. Qxd8+ Kg7 41. Qe7+ Kh6 42. Qf8+ Kh7 43. Qf7+ Kh6 44. h4 Qd6 45. Kg1 Qc6 46. Qf8+ Kh7 47. Qa3 Qe6 48. Qe3 Kg7 49. Qf3 Qf7 50. Qg4 Qe7 51. h5 g5 52. Qf5 Qf7 53. g4 Kf8 54. h6 Ke7 55. h7 Qg7 56. Kg2 Kd6 57. Qd3+ Ke7 58. Qf5 Kd6 59. Qe4 Ke7 60. Kg3 Qh6 61. Kg2 Qh4 62. Qf5 Kd6 63. Qg6 Qxg4+ 64. Kf1 Qd1+ 65. Kg2 Qg4+ 66. Kh2 Qh4+ 67. Kg1 Qg4+ 68. Kh1 Qh4+ 69. Kg2 Qg4+ 1/2-1/2


[Site "https://www.chess.com"]

[Event "Titled Tuesday Blitz August 1 Late 2023"]
[White "Fishbein, Alexander"]
[Black "Ferro, Mario"]
[WhiteFideId "2000377"]
[BlackFideId "810290"]
[WhiteElo "2637"]
[BlackElo "2367"]
[Result "1-0"]
[Round "1"]
[TimeControl "180+1"]
[Date "2023.08.01"]
[WhiteClock "0:02:18"]
[BlackClock "0:01:52"]
[Board "98"]

1. e4 c5 2. Nf3 d6 3. d4 cxd4 4. Nxd4 Nf6 5. Nc3 a6 6. Bd3 e5 7. Nf3 Be7 8. O-O b5 9. Bg5 Nbd7 10. a3 O-O 11. Re1 Bb7 12. Nd2 h6 13. Bxf6 Nxf6 14. Nf1 d5 15. exd5 Nxd5 16. Nxd5 Qxd5 17. Ne3 Qc6 18. Qg4 Bc5 19. Nf5 Qg6 20. Ne7+ 1-0


[Site "https://www.chess.com"]

[Event "Titled Tuesday Blitz August 1 Late 2023"]
[White "Srdanovic, Jovana"]
[Black "Adewumi, Tanitoluwa"]
[WhiteFideId "954810"]
[BlackFideId "30966396"]
[WhiteElo "2367"]
[BlackElo "2633"]
[Result "0-1"]
[Round "1"]
[TimeControl "180+1"]
[Date "2023.08.01"]
[WhiteClock "0:00:43"]
[BlackClock "0:00:56"]
[Board "99"]

1. d4 Nf6 2. c4 e6 3. Nc3 Bb4 4. e3 O-O 5. Bd3 d5 6. Ne2 b6 7. O-O dxc4 8. a3 cxd3 9. Qxd3 Ba6 10. Qd1 Bxc3 11. bxc3 c5 12. Re1 cxd4 13. cxd4 Nc6 14. Bb2 Rc8 15. Ng3 Qd7 16. Qa4 Bb7 17. e4 Rfd8 18. d5 exd5 19. Bxf6 gxf6 20. exd5 Ne5 21. Qxa7 Qxd5 22. Ne4 Kg7 23. Qxb6 f5 24. Qf6+ Kg8 25. Qxf5 Rc6 26. f3 Qd4+ 27. Kh1 Rg6 28. Nf6+ Kh8 29. Rxe5 Qxa1+ 0-1


[Site "https://www.chess.com"]

[Event "Titled Tuesday Blitz August 1 Late 2023"]
[White "Ovchinnikov, Vsevolod"]
[Black "Mushini Ajay"]
[WhiteFideId "24176842"]
[BlackFideId "35066188"]
[WhiteElo "2632"]
[BlackElo "2367"]
[Result "1-0"]
[Round "1"]
[TimeControl "180+1"]
[Date "2023.08.01"]
[WhiteClock "0:00:15"]
[BlackClock "0:00:22"]
[Board "100"]

1. d4 Nf6 2. c4 e6 3. g3 d5 4. Bg2 dxc4 5. Nf3 Nc6 6. Qa4 Bb4+ 7. Bd2 a5 8. a3 Bxd2+ 9. Nbxd2 O-O 10. Qxc4 Qe7 11. Rc1 Bd7 12. O-O Rab8 13. e3 b5 14. Qc5 Qxc5 15. Rxc5 a4 16. Rfc1 Rb6 17. Ne1 Na5 18. Rxc7 b4 19. axb4 Rxb4 20. Nd3 Rbb8 21. R7c5 Nb3 22. Nxb3 Rxb3 23. R5c3 Rfb8 24. Rxb3 Rxb3 25. Bf1 a3 26. bxa3 Rxa3 27. Ne5 Be8 28. Rc8 Rb3 29. Be2 Kf8 30. Bf3 Ke7 31. Kg2 g5 32. g4 Rb2 33. h3 Bd7 34. Rc7 Kd6 35. Ra7 Be8 36. Nxf7+ Bxf7 37. Rxf7 Nd5 38. Bxd5 Kxd5 39. Rxh7 e5 40. dxe5 Kxe5 41. Rf7 Ke6 42. Rf5 Rb5 43. Rxb5 1-0


[Site "https://www.chess.com"]

[Event "Titled Tuesday Blitz August 1 Late 2023"]
[White "Mike24147"]
[Black "Araujo Sanchez, Josue"]
[BlackFideId "6416896"]
[WhiteElo "2365"]
[BlackElo "2627"]
[Result "0-1"]
[Round "1"]
[TimeControl "180+1"]
[Date "2023.08.01"]
[WhiteClock "0:01:17"]
[BlackClock "0:02:20"]
[Board "101"]

1. c4 g6 2. g3 Bg7 3. Bg2 c5 4. Nc3 Nc6 5. d3 Nf6 6. e4 O-O 7. Nge2 a6 8. O-O Rb8 9. a4 d6 10. h3 Ne8 11. Be3 Nd4 12. f4 Nc7 13. Nd5 Nxd5 14. exd5 Nxe2+ 15. Qxe2 b5 16. axb5 axb5 17. Rfd1 bxc4 18. d4 Bf5 19. Qxc4 Rb4 20. Qc3 h5 21. Qa3 Rxd4 22. Bxd4 Bxd4+ 23. Kh2 Qb6 24. Qa7 Qxb2 25. Ra2 Qb3 26. Re1 h4 27. g4 Qg3+ 28. Kh1 Qxe1+ 0-1


[Site "https://www.chess.com"]

[Event "Titled Tuesday Blitz August 1 Late 2023"]
[White "Aldokhin, Ivan"]
[Black "Rego, Pedro Filipe"]
[WhiteFideId "24115720"]
[BlackFideId "1904310"]
[WhiteElo "2619"]
[BlackElo "2365"]
[Result "1-0"]
[Round "1"]
[TimeControl "180+1"]
[Date "2023.08.01"]
[WhiteClock "0:00:52"]
[BlackClock "0:00:30"]
[Board "102"]

1. e4 c5 2. Nf3 d6 3. d4 cxd4 4. Nxd4 Nf6 5. Nc3 Nc6 6. Bc4 Qb6 7. Nb3 e6 8. Be3 Qc7 9. O-O a6 10. f4 Be7 11. Qf3 b5 12. Bd3 Bb7 13. g4 h5 14. g5 Ng4 15. Bd2 Qb6+ 16. Kg2 f5 17. h3 O-O-O 18. a4 b4 19. a5 Qc7 20. Na4 d5 21. exf5 d4 22. Nbc5 Bxc5 23. Nxc5 Ne3+ 24. Bxe3 dxe3 25. fxe6 b3 26. Nxb7 Kxb7 27. Be4 Rd2+ 28. Kh1 bxc2 29. Qxe3 Rhd8 30. e7 1-0


[Site "https://www.chess.com"]

[Event "Titled Tuesday Blitz August 1 Late 2023"]
[White "AndresDelgado77"]
[Black "Jarmula, Lukasz"]
[BlackFideId "1160664"]
[WhiteElo "2361"]
[BlackElo "2616"]
[Result "1-0"]
[Round "1"]
[TimeControl "180+1"]
[Date "2023.08.01"]
[WhiteClock "0:00:05"]
[BlackClock "0:00:00"]
[Board "103"]

1. e4 d6 2. d4 Nf6 3. Nc3 e5 4. dxe5 dxe5 5. Qxd8+ Kxd8 6. Bc4 Ke8 7. Nf3 Bd6 8. Bg5 Nbd7 9. O-O-O a6 10. Rhe1 b5 11. Bd5 Nxd5 12. Nxd5 Bb7 13. h4 f6 14. Bd2 Bxd5 15. exd5 Nb6 16. Be3 Nc4 17. b3 Nxe3 18. fxe3 a5 19. e4 a4 20. Kb2 Kd7 21. h5 Ra7 22. c3 b4 23. c4 Rha8 24. Ra1 Bc5 25. Red1 g6 26. g4 gxh5 27. gxh5 Rg8 28. Rd2 Rg4 29. Re2 Rf4 30. Rf1 axb3 31. axb3 Bd4+ 32. Kc2 Ra2+ 33. Kd3 Rxe2 34. Kxe2 Rxe4+ 35. Kd2 Rf4 36. Ke2 Bc5 37. Nd2 Rxf1 38. Nxf1 f5 39. Ng3 f4 40. Ne4 Be7 41. c5 c6 42. d6 Bd8 43. Kd3 Ke6 44. Kc4 f3 45. Kd3 Bh4 46. Ke3 f2 47. Nxf2 Kd5 48. Ne4 h6 49. Kd3 Bd8 50. Ke3 Bh4 51. Kd3 Ke6 52. Kc4 Kf5 53. Nd2 Bg5 54. Nf3 Bf6 55. Nd2 Kg4 56. Ne4 Bd8 57. Kd3 Kxh5 58. d7 Kg4 59. Nd6 h5 60. Nf7 Be7 61. Nxe5+ Kf5 62. Nf3 h4 63. Kc4 h3 64. Kxb4 Kf4 65. Nh2 Kg3 66. Nf1+ Kg2 67. Ne3+ Kf3 68. Nf1 Kf2 69. Nh2 Kg2 70. Ng4 Kg3 71. Ne3 h2 72. Nf1+ Kg2 73. Nxh2 Kxh2 74. Ka5 Kg3 75. Kb6 Kf4 76. Kxc6 Ke5 77. Kc7 Kd5 78. b4 Kc4 79. c6 Kb5 80. Kb7 1-0


[Site "https://www.chess.com"]

[Event "Titled Tuesday Blitz August 1 Late 2023"]
[White "Manukyan, Sargis V."]
[Black "Bach, Matthias"]
[WhiteFideId "13303465"]
[BlackFideId "4603168"]
[WhiteElo "2615"]
[BlackElo "2361"]
[Result "0-1"]
[Round "1"]
[TimeControl "180+1"]
[Date "2023.08.01"]
[WhiteClock "0:00:01"]
[BlackClock "0:00:58"]
[Board "104"]

1. c4 Nf6 2. Nc3 e6 3. e4 d5 4. e5 Ne4 5. Nxe4 dxe4 6. Qg4 Na6 7. Qxe4 Bd7 8. a3 Bc6 9. Qc2 Bc5 10. d3 Qd4 11. f4 O-O-O 12. Rb1 f6 13. b4 fxe5 14. bxc5 exf4 15. Nf3 Bxf3 16. gxf3 Nxc5 17. Rb5 b6 18. Bb2 Qe3+ 19. Kd1 Nxd3 20. Qe2 Nxb2+ 21. Kc2 Nxc4 22. Qxc4 Rd2+ 23. Kb1 Qe1+ 24. Qc1 Rd1 25. Qxd1 Qxd1+ 26. Kb2 Qxf3 27. Rg1 Qf2+ 28. Kb3 Qxg1 29. Ka4 Qd4+ 30. Rb4 Qxb4+ 31. axb4 Kb7 0-1


[Site "https://www.chess.com"]

[Event "Titled Tuesday Blitz August 1 Late 2023"]
[White "crosky"]
[Black "brm72"]
[WhiteElo "2360"]
[BlackElo "2613"]
[Result "1-0"]
[Round "1"]
[TimeControl "180+1"]
[Date "2023.08.01"]
[WhiteClock "0:00:04"]
[BlackClock "0:00:04"]
[Board "105"]

1. c4 c5 2. g3 Nc6 3. Bg2 g6 4. Nc3 Bg7 5. a3 a5 6. Rb1 e5 7. d3 d6 8. Nf3 Nge7 9. O-O O-O 10. Ne1 Be6 11. Nc2 d5 12. cxd5 Nxd5 13. Ne3 Nde7 14. Nc4 b6 15. Bg5 f6 16. Be3 Rb8 17. Qa4 Nd4 18. Bxd4 exd4 19. Nb5 Qd7 20. b4 axb4 21. axb4 Nd5 22. bxc5 bxc5 23. Qa7 Rb7 24. Qxc5 Rc8 25. Qd6 Qf7 26. Nxd4 Rxb1 27. Rxb1 Nc3 28. Rb7 Bxc4 29. Rxf7 Bxf7 30. Bf3 f5 31. Ne6 Bf6 32. Nc7 Bg7 33. Nd5 Nb5 34. Ne7+ Kh8 35. Qb6 Rc1+ 36. Kg2 Nc7 37. Qb8+ Ne8 38. Bc6 Rxc6 39. Nxc6 Bd5+ 40. f3 Bxc6 41. Qc8 Ba4 42. Qa8 Bb5 43. Qb8 Ba4 44. h4 h5 45. e4 Kh7 46. Qa7 Bc2 47. Qe3 Bb3 48. d4 Nf6 49. Qxb3 fxe4 50. fxe4 Nxe4 51. Qf3 Nf6 52. d5 Ng4 53. d6 Ne5 54. Qd5 Nd7 55. Qf7 Ne5 56. Qe6 Nc6 57. d7 Nd4 58. Qe8 Nf5 59. d8=Q Ne3+ 60. Qxe3 g5 61. Qdd3+ Kh6 62. Qxg5# 1-0


[Site "https://www.chess.com"]

[Event "Titled Tuesday Blitz August 1 Late 2023"]
[White "Piesik, Piotr"]
[Black "Vifleemskaia, Svetlana"]
[WhiteFideId "1136194"]
[BlackFideId "4129490"]
[WhiteElo "2612"]
[BlackElo "2359"]
[Result "1-0"]
[Round "1"]
[TimeControl "180+1"]
[Date "2023.08.01"]
[WhiteClock "0:02:08"]
[BlackClock "0:01:10"]
[Board "106"]

1. Nf3 Nf6 2. g3 b5 3. Bg2 Bb7 4. O-O e6 5. d3 d6 6. e4 Be7 7. a4 b4 8. Nbd2 a5 9. Nc4 Nbd7 10. b3 Nb6 11. Ne3 O-O 12. Bb2 c5 13. e5 dxe5 14. Nxe5 Bxg2 15. Kxg2 Nfd5 16. Qf3 Bf6 17. Nc6 Qd6 18. Bxf6 Nxf6 19. d4 Rfc8 20. Ne5 cxd4 21. N3c4 Nxc4 22. Nxc4 Rd8 23. Nxd6 1-0


[Site "https://www.chess.com"]

[Event "Titled Tuesday Blitz August 1 Late 2023"]
[White "Peatman, Carter"]
[Black "musclemonster12"]
[WhiteFideId "2096480"]
[WhiteElo "2357"]
[BlackElo "2611"]
[Result "0-1"]
[Round "1"]
[TimeControl "180+1"]
[Date "2023.08.01"]
[WhiteClock "0:00:02"]
[BlackClock "0:00:52"]
[Board "107"]

1. d4 Nf6 2. Bf4 e6 3. e3 c5 4. Nd2 b6 5. c3 Bb7 6. Ngf3 Nc6 7. Bd3 Be7 8. e4 O-O 9. O-O d6 10. Qe2 cxd4 11. cxd4 Nb4 12. Rfe1 Rc8 13. a3 Nc2 14. Bxc2 Rxc2 15. Qd3 Qc8 16. Qb3 Qc6 17. Rad1 Rc8 18. Bg5 h6 19. Bh4 Qd7 20. Bxf6 Bxf6 21. Nb1 R2c4 22. e5 Be7 23. Nbd2 Rc2 24. Ne4 dxe5 25. dxe5 Bd5 26. Nc3 Bxb3 27. Rxd7 Bc5 28. Rd2 Bxa3 29. Rxc2 Bxc2 30. bxa3 Rxc3 31. Rc1 Rc4 32. Ne1 Bb3 33. Rxc4 Bxc4 34. f4 Kf8 35. Kf2 Ke7 36. Ke3 Kd7 37. Kd4 Bd5 38. Nd3 Bxg2 39. Nb4 Bb7 40. Nd3 a5 41. Kc4 Ba6+ 42. Kc3 Bxd3 43. Kxd3 Kc6 44. Kc3 b5 45. Kb3 Kc5 0-1


[Site "https://www.chess.com"]

[Event "Titled Tuesday Blitz August 1 Late 2023"]
[White "Ozates, Tuna"]
[Black "Elissalt Cardenas, Hector"]
[WhiteFideId "6354521"]
[BlackFideId "3500632"]
[WhiteElo "2611"]
[BlackElo "2356"]
[Result "0-1"]
[Round "1"]
[TimeControl "180+1"]
[Date "2023.08.01"]
[WhiteClock "0:00:00"]
[BlackClock "0:00:07"]
[Board "108"]

1. Nf3 d5 2. c4 e6 3. d4 Nf6 4. Nc3 Be7 5. Bg5 O-O 6. e3 h6 7. Bh4 b6 8. Qc2 Bb7 9. Be2 Nbd7 10. O-O c5 11. Rfd1 Rc8 12. cxd5 Nxd5 13. Bxe7 Qxe7 14. Qa4 Nxc3 15. bxc3 a6 16. Rac1 b5 17. Qa3 Rfe8 18. c4 cxd4 19. Qxe7 Rxe7 20. Nxd4 b4 21. Nb3 Nc5 22. Na5 Ba8 23. Rd6 f5 24. Rcd1 Kf7 25. h4 g6 26. h5 g5 27. g4 Ne4 28. Rd8 Rec7 29. Rxc8 Rxc8 30. Rd7+ Kf6 31. Rh7 Nc3 32. Rxh6+ Ke5 33. Kf1 Nxe2 34. Kxe2 fxg4 35. Rg6 Bf3+ 36. Kd2 Kf5 37. Nb3 e5 38. c5 g3 39. fxg3 Bxh5 40. Rxa6 Rd8+ 41. Rd6 Rxd6+ 42. cxd6 Ke6 43. Nc5+ Kxd6 44. Ne4+ Kd5 45. Nxg5 Kc4 46. Ne4 Bf3 47. Nd6+ Kd5 48. Nf5 Kc4 49. Nh6 Kb5 50. g4 Bd5 51. g5 Bxa2 52. g6 Ka4 53. g7 Ka3 54. g8=Q Bxg8 55. Nxg8 b3 56. Ne7 b2 0-1


[Site "https://www.chess.com"]

[Event "Titled Tuesday Blitz August 1 Late 2023"]
[White "Abduzhaparov"]
[Black "Principe, Gerson"]
[BlackFideId "3804550"]
[WhiteElo "2355"]
[BlackElo "2608"]
[Result "1-0"]
[Round "1"]
[TimeControl "180+1"]
[Date "2023.08.01"]
[WhiteClock "0:01:05"]
[BlackClock "0:00:17"]
[Board "109"]

1. Nf3 Nf6 2. c4 e6 3. g3 b6 4. Bg2 Bb7 5. O-O Be7 6. Nc3 O-O 7. Re1 d5 8. cxd5 exd5 9. d4 Nbd7 10. Bf4 c5 11. Rc1 a6 12. e3 Ne4 13. h4 Re8 14. Ne5 Nxe5 15. dxe5 Nxc3 16. bxc3 Qd7 17. e4 d4 18. cxd4 cxd4 19. e6 Qxe6 20. Rc7 Bc6 21. Qxd4 Bc5 22. Qb2 Rad8 23. h5 h6 24. Kh2 Bd4 25. Qc2 Bd7 26. Rd1 Bc5 27. Rcxd7 Rxd7 28. Bh3 Rxd1 29. Bxe6 Rf1 30. Bxf7+ 1-0


[Site "https://www.chess.com"]

[Event "Titled Tuesday Blitz August 1 Late 2023"]
[White "Karaoglan, Doruk"]
[Black "Topalov, Aleksandar"]
[WhiteFideId "6390927"]
[BlackFideId "925659"]
[WhiteElo "2608"]
[BlackElo "2352"]
[Result "1-0"]
[Round "1"]
[TimeControl "180+1"]
[Date "2023.08.01"]
[WhiteClock "0:00:16"]
[BlackClock "0:00:00"]
[Board "110"]

1. e4 e6 2. d3 d5 3. Nd2 Be7 4. Ngf3 c5 5. g3 Nc6 6. Bg2 Nf6 7. O-O O-O 8. Re1 b5 9. Qe2 a5 10. e5 Nd7 11. Nf1 b4 12. h4 Ba6 13. N1h2 c4 14. d4 c3 15. Qe3 cxb2 16. Bxb2 Na7 17. h5 Nb5 18. Ng4 Rc8 19. Rac1 Nc3 20. Bxc3 Rxc3 21. Qf4 Re8 22. h6 g6 23. Qd2 Bb5 24. Re3 Rc6 25. Ree1 Qc7 26. Ng5 Bxg5 27. Qxg5 Qd8 28. Qf4 Qe7 29. Re3 Ba4 30. Rce1 Bxc2 31. Bxd5 exd5 32. Nf6+ Nxf6 33. exf6 Qxe3 34. Rxe3 Be4 35. f3 Rc1+ 36. Kh2 Rc2+ 37. Kh3 Bf5+ 38. g4 Rec8 39. gxf5 Rc1 40. Re2 Rh1+ 41. Kg2 1-0


[Site "https://www.chess.com"]

[Event "Titled Tuesday Blitz August 1 Late 2023"]
[White "Slavin, Alexey"]
[Black "Khater, Sherif"]
[WhiteFideId "24104388"]
[BlackFideId "2034280"]
[WhiteElo "2352"]
[BlackElo "2602"]
[Result "1/2-1/2"]
[Round "1"]
[TimeControl "180+1"]
[Date "2023.08.01"]
[WhiteClock "0:00:20"]
[BlackClock "0:01:23"]
[Board "111"]

1. e4 e5 2. Nf3 Nf6 3. d4 Nxe4 4. Bd3 d5 5. Nxe5 Nd7 6. O-O Be7 7. Nd2 Nxd2 8. Bxd2 O-O 9. Nxd7 Qxd7 10. Qh5 g6 11. Qh6 Bf6 12. c3 Bg7 13. Qh4 c6 14. h3 Qd8 15. Bg5 f6 16. Bh6 Be6 17. Rfe1 Bf7 18. Re3 g5 19. Bxg5 Bg6 20. Bxg6 hxg6 21. Bh6 Qd7 22. Rae1 Rae8 23. Bxg7 Kxg7 24. Qf4 Rxe3 25. Qxe3 Rf7 26. Qe8 Qxe8 27. Rxe8 a6 28. Kf1 Rd7 29. Ke2 Kf7 30. Rb8 Re7+ 31. Kd2 g5 32. a4 Ke6 33. a5 Kd6 34. Rf8 Ke6 35. g3 Rh7 36. Rb8 Kd6 37. Ke3 Ke6 38. Kf3 Kf5 39. b4 Kg6 40. Kg4 f5+ 41. Kf3 Kf6 42. Rf8+ Ke6 43. Kg2 Rg7 44. Rh8 Kf6 45. h4 gxh4 46. Rxh4 Re7 47. Kf3 Kg6 48. Rh8 Kg7 49. Rb8 Kg6 50. Rg8+ Kf7 51. Rh8 Kg7 52. Rb8 Kf6 53. Kf4 Re4+ 54. Kf3 Re7 55. Kg2 Kg6 56. Kf1 Kf6 57. Kg2 Kg6 58. Kf3 Kf6 1/2-1/2


[Site "https://www.chess.com"]

[Event "Titled Tuesday Blitz August 1 Late 2023"]
[White "Sivakumar, Shaashwath"]
[Black "Senft, Sean"]
[WhiteFideId "30912156"]
[BlackFideId "2044960"]
[WhiteElo "2601"]
[BlackElo "2352"]
[Result "1-0"]
[Round "1"]
[TimeControl "180+1"]
[Date "2023.08.01"]
[WhiteClock "0:00:04"]
[BlackClock "0:00:07"]
[Board "112"]

1. d4 d5 2. Bf4 Nf6 3. e3 e6 4. Nd2 Bd6 5. Bg3 b6 6. c3 Bb7 7. Ngf3 O-O 8. Bd3 c5 9. Qe2 Ne4 10. Bxd6 Qxd6 11. O-O Nd7 12. Rad1 Nxd2 13. Rxd2 cxd4 14. exd4 Nf6 15. Rdd1 Ne4 16. Ne5 f6 17. Ng4 f5 18. Ne5 Rf6 19. Rfe1 Rh6 20. Qe3 a5 21. Qf4 Ba6 22. Bxa6 Rxa6 23. a4 Ra8 24. Re3 g5 25. Qf3 Qe7 26. Qe2 Qe8 27. f3 f4 28. Red3 Nd6 29. Re1 Nf5 30. Ng4 Rg6 31. Qe5 Kf7 32. Qc7+ Qe7 33. Ne5+ Kf6 34. Qxe7+ Kxe7 35. Nxg6+ hxg6 36. Rd2 Rc8 37. Rde2 Ne3 38. g3 Kd6 39. h4 gxh4 40. gxf4 Nc4 41. Rxe6+ Kd7 42. Rxg6 Nxb2 43. f5 Nxa4 44. f6 Rf8 45. Re7+ Kd8 46. Ra7 Ke8 47. Rgg7 Rf7 48. Raxf7 Nxc3 49. Ra7 Ne2+ 50. Kf2 Nxd4 51. Ra8# 1-0


[Site "https://www.chess.com"]

[Event "Titled Tuesday Blitz August 1 Late 2023"]
[White "Gerbelli Neto, Eduardo"]
[Black "Jimenez Almeida, Luis David"]
[WhiteFideId "2103281"]
[BlackFideId "22242244"]
[WhiteElo "2350"]
[BlackElo "2601"]
[Result "0-1"]
[Round "1"]
[TimeControl "180+1"]
[Date "2023.08.01"]
[WhiteClock "0:00:00"]
[BlackClock "0:00:09"]
[Board "113"]

1. e4 c5 2. Nc3 a6 3. f4 b5 4. g3 Bb7 5. Bg2 e6 6. d3 Nf6 7. Nh3 b4 8. Na4 d5 9. e5 Nfd7 10. O-O g6 11. b3 Nc6 12. Be3 Rc8 13. Ng5 h6 14. Nf3 Be7 15. Qd2 a5 16. Qf2 Na7 17. d4 c4 18. Rac1 Nb5 19. Nd2 Na3 20. Nc5 Nxc5 21. dxc5 c3 22. Nf3 Qc7 23. Nd4 Bxc5 24. g4 Ba6 25. Rfe1 Nb5 26. Nxb5 Bxb5 27. f5 O-O 28. Qh4 Bxe3+ 29. Rxe3 Kh7 30. Rh3 h5 31. gxh5 gxf5 32. Qf6 Qd8 33. Rg3 Qxf6 34. exf6 Rg8 35. Kf2 Kh6 36. Rg1 Rxg3 37. hxg3 Kxh5 38. Bf3+ Kg5 39. Rh1 Kxf6 40. Rh7 a4 41. Ke3 axb3 42. axb3 Rg8 43. Kf2 Bd3 44. cxd3 c2 45. Rh1 Rc8 46. Rc1 Rc3 47. Ke3 Ke5 48. Kd2 Kd4 49. Rxc2 Rxd3+ 50. Ke2 Rxb3 51. Rc7 Rb2+ 52. Kf1 f6 53. Bd1 Rb1 54. Ke2 Rb2+ 55. Ke1 e5 56. Rc6 Ke3 57. Rxf6 e4 58. Rxf5 Rh2 59. Rf1 d4 60. Bb3 d3 61. Kd1 Rb2 62. Re1+ Kd4 63. Bf7 e3 64. Kc1 d2+ 0-1


[Site "https://www.chess.com"]